Map: Orbital Shipyard

Players

oliM

  • Race: Protoss Protoss
  • League: Master

Welmu - Winner!

  • Race: Protoss Protoss
  • League: Grandmaster

VOD

Have the link to the VOD?

Description

Time

  • Played on: Jan. 20, 2016, 3:04 a.m.
  • Length: 19:41
Show
View Real Time Build Order
Export as new Build Order

oliM Protoss 

Build Orders: Nexus First 

Get SALT Encoding   

  12  0:02  Probe (Chrono Boost)  
  13  0:12  Probe (Chrono Boost)  
  14  0:18  Pylon  
  14  0:23  Probe (Chrono Boost)  
  15  0:36  Probe (Chrono Boost)  
  16  0:46  Probe (Chrono Boost)  
  17  0:57  Nexus  
  17  1:10  Gateway  
  17  1:11  Probe (Chrono Boost)  
  18  1:21  Probe (Chrono Boost)  
  18  1:23  Assimilator  
  19  1:27  Assimilator  
  19  1:32  Probe (Chrono Boost)  
  20  1:41  Gateway  
  20  1:42  Probe (Chrono Boost)  
  21  1:55  Probe (Chrono Boost)  
  21  2:00  Cybernetics Core  
  22  2:05  Probe (Chrono Boost)  
  23  2:13  Probe (Chrono Boost)  
  24  2:16  Probe (Chrono Boost)  
  25  2:23  Probe (Chrono Boost)  
  23  2:37  Stalker (Chrono Boost)  
  30  2:38  Mothership Core, Stalker (Chrono Boost)  
  30  2:40  Pylon  
  30  2:42  Warp Gate (Chrono Boost)  
  32  3:00  Pylon  
  32  3:03  Stalker (Chrono Boost)  
  34  3:07  Stalker (Chrono Boost)  
  36  3:15  Probe  
  36  3:22  Probe  
  37  3:28  Robotics Facility  
  37  3:36  Probe  
  37  3:40  Probe (Chrono Boost)  
  39  3:48  Probe (Chrono Boost)  
  40  3:49  Pylon  
  40  3:52  Probe (Chrono Boost)  
  41  4:00  Twilight Council  
  41  4:06  Probe (Chrono Boost)  
  42  4:10  Probe  
  42  4:16  Observer (Chrono Boost)  
  44  4:19  Probe  
  44  4:20  Pylon  
  45  4:32  Probe  
  45  4:36  Gateway x2  
  46  4:44  Observer (Chrono Boost)  
  45  4:48  Probe  
  45  4:49  Probe, Blink (Chrono Boost)  
  46  5:00  Probe x2 (Chrono Boost)  
  46  5:04  Observer (Chrono Boost)  
  49  5:11  Forge  
  49  5:12  Probe x2 (Chrono Boost)  
  51  5:22  Probe (Chrono Boost)  
  51  5:23  Probe (Chrono Boost)  
  53  5:31  Probe  
  53  5:35  Gateway x2  
  54  5:39  Gateway  
  54  5:40  Probe, Assimilator  
  54  5:42  Probe  
  55  5:45  Assimilator  
  55  5:49  Stalker x2  
  60  5:56  Warp Prism (Chrono Boost)  
  62  6:09  Stalker  
  62  6:10  Stalker  
  65  6:12  Probe  
  65  6:14  Pylon  
  65  6:18  Pylon  
  66  6:33  Nexus  
  66  6:37  Pylon  
  66  6:44  Observer (Chrono Boost)  
  66  6:48  Probe (Chrono Boost)  
  66  6:49  Probe (Chrono Boost)  
  66  6:50  Photon Cannon  
  66  6:53  Stalker x3  
  74  7:00  Probe (Chrono Boost)  
  74  7:01  Photon Cannon  
  75  7:03  Adept  
  75  7:05  Adept  
  79  7:11  Protoss Ground Weapons Level 1 (Chrono Boost)  
  79  7:13  Probe (Chrono Boost)  
  80  7:19  Robotics Bay  
  78  7:26  Adept  
  78  7:27  Adept  
  80  7:31  Probe x2  
  82  7:41  Photon Cannon  
  82  7:44  Probe  
  83  7:53  Probe  
  83  7:54  Probe  
  85  8:11  Probe  
  86  8:14  Probe, Disruptor (Chrono Boost)  
  86  8:15  Pylon, Robotics Facility  
  86  8:16  Gateway  
  86  8:17  Pylon  
  91  8:20  Probe (Chrono Boost)  
  91  8:23  Probe (Chrono Boost)  
  91  8:26  Photon Cannon  
  91  8:27  Probe (Chrono Boost)  
  93  8:32  Probe (Chrono Boost)  
  94  8:35  Probe (Chrono Boost)  
  95  8:46  Protoss Ground Weapons Level 2  
  95  8:49  Disruptor (Chrono Boost)  
  95  8:53  Probe x2  
  100  8:57  Stalker x4  
  100  8:59  Assimilator  
  100  9:02  Pylon  
  108  9:04  Assimilator  
  108  9:09  Disruptor (Chrono Boost)  
  111  9:11  Probe  
  111  9:14  Probe  
  113  9:24  Disruptor (Chrono Boost)  
  116  9:26  Stargate  
  116  9:29  Pylon  
  116  9:31  Probe  
  117  9:34  Photon Cannon x2  
  115  9:50  Probe  
  116  9:53  Dark Shrine  
  116  9:58  Disruptor (Chrono Boost)  
  116  10:01  Nexus  
  116  10:03  Pylon  
  119  10:07  Disruptor (Chrono Boost)  
  119  10:11  Probe, Pylon  
  119  10:12  Oracle (Chrono Boost)  
  126  10:16  Probe  
  126  10:18  Probe  
  126  10:21  Pylon  
  128  10:22  Photon Cannon  
  128  10:26  Photon Cannon  
  128  10:28  Disruptor (Chrono Boost)  
  131  10:38  Zealot  
  131  10:41  Assimilator  
  133  10:44  Oracle (Chrono Boost)  
  133  10:47  Assimilator  
  133  10:48  Probe  
  133  10:49  Probe  
  138  10:50  Pylon  
  141  11:02  Immortal (Chrono Boost)  
  145  11:09  Probe  
  145  11:11  Protoss Ground Weapons Level 3 (Chrono Boost)  
  146  11:13  Dark Templar x4  
  154  11:23  Immortal (Chrono Boost)  
  154  11:25  Charge  
  155  11:33  Photon Cannon  
  155  11:34  Photon Cannon  
  155  11:38  Probe  
  155  11:39  Probe  
  157  11:40  Probe  
  157  11:45  Pylon  
  157  11:47  Pylon  
  148  12:02  Dark Templar x3  
  148  12:03  Dark Templar x3  
  148  12:04  Dark Templar  
  148  12:05  Dark Templar  
  148  12:06  Archon  
  148  12:07  Archon x2  
  164  12:12  Archon  
  164  12:15  Disruptor (Chrono Boost)  
  167  12:37  Stalker x3  
  167  12:38  Stalker x4  
  167  12:41  Immortal (Chrono Boost)  
  185  12:44  Phoenix  
  179  13:09  Phoenix  
  179  13:12  Stalker x3  
  176  13:16  Disruptor  
  114  13:35  Stalker  
  114  13:36  Stalker x5  
  114  13:37  Stalker  
  114  13:39  Disruptor  
  123  13:52  Disruptor  
  120  14:13  Stalker x4  
  120  14:14  Stalker x2, Disruptor  
  132  14:39  Nexus  
  132  14:40  Pylon  
  132  14:42  Pylon  
  132  14:46  Dark Templar x3  
  132  14:47  Dark Templar x2  
  136  14:53  Disruptor  
  137  15:20  Disruptor (Chrono Boost)  
  84  15:32  Disruptor (Chrono Boost)  
  84  15:35  Photon Cannon  
  87  15:37  Dark Templar, Photon Cannon  
  87  15:41  Mothership Core  
  89  15:43  Probe  
  89  15:49  Archon x2  
  92  15:53  Dark Templar  
  92  15:55  Disruptor (Chrono Boost)  
  92  15:56  Zealot  
  99  16:01  Archon  
  99  16:08  Assimilator  
  99  16:11  Stalker x3  
  103  16:12  Assimilator  
  103  16:15  Zealot x2  
  103  16:17  Zealot  
  107  16:30  Zealot  
  107  16:31  Zealot  
  108  16:38  Stalker x2  
  110  16:42  Dark Templar  
  103  17:01  Stalker x3  
  95  17:03  Stalker  
  87  17:11  Dark Templar  
  87  17:12  Dark Templar  
  87  17:14  Probe  
  92  17:16  Archon  
  92  17:21  Zealot x2  
  96  17:24  Probe  
  97  17:31  Dark Templar  
  99  17:38  Dark Templar x2  
  99  17:42  Archon  
  103  17:45  Oracle (Chrono Boost)  
  104  17:52  Zealot  
  106  18:00  Zealot x2  
  110  18:09  Zealot x3  
  116  18:15  Dark Templar  
  116  18:17  Dark Templar  
  120  18:23  Archon  
  120  18:24  Dark Templar  
  120  18:25  Dark Templar  
  124  18:29  Archon  
  124  18:42  Stalker x2  
  124  18:43  Stalker x2  
  124  18:45  Probe  
  133  18:50  Dark Templar  
  135  19:02  Dark Templar  
  137  19:03  Zealot x2  
  82  19:25  Zealot x5  
Show
View Real Time Build Order
Export as new Build Order

Welmu Protoss - Winner!

Build Orders: Dark Templar Rush 

Get SALT Encoding   

  12  0:01  Probe (Chrono Boost)  
  13  0:11  Probe (Chrono Boost)  
  14  0:17  Pylon  
  14  0:22  Probe (Chrono Boost)  
  15  0:35  Probe (Chrono Boost)  
  16  0:36  Gateway  
  16  0:42  Assimilator  
  16  0:46  Probe (Chrono Boost)  
  17  0:50  Assimilator  
  17  0:56  Probe (Chrono Boost)  
  18  1:07  Probe (Chrono Boost)  
  18  1:09  Gateway  
  19  1:17  Probe (Chrono Boost)  
  20  1:24  Cybernetics Core  
  20  1:28  Probe (Chrono Boost)  
  21  1:36  Pylon  
  21  1:38  Probe (Chrono Boost)  
  22  1:49  Probe (Chrono Boost)  
  23  2:00  Adept x2  
  23  2:01  Probe (Chrono Boost), Warp Gate (Chrono Boost)  
  28  2:12  Twilight Council  
  28  2:34  Nexus  
  28  2:40  Probe  
  29  2:44  Pylon  
  29  2:56  Dark Shrine  
  29  2:58  Probe (Chrono Boost)  
  30  3:09  Probe (Chrono Boost)  
  30  3:12  Stalker  
  33  3:18  Pylon  
  33  3:19  Probe (Chrono Boost)  
  32  3:30  Probe (Chrono Boost)  
  33  3:40  Probe (Chrono Boost)  
  34  3:47  Mothership Core (Chrono Boost)  
  34  3:51  Probe (Chrono Boost)  
  35  4:01  Probe (Chrono Boost)  
  36  4:05  Probe (Chrono Boost)  
  36  4:08  Dark Templar x2  
  41  4:12  Probe (Chrono Boost)  
  41  4:16  Probe (Chrono Boost)  
  43  4:17  Robotics Facility  
  43  4:20  Assimilator  
  43  4:23  Probe (Chrono Boost)  
  44  4:25  Assimilator  
  44  4:26  Probe (Chrono Boost)  
  44  4:30  Pylon  
  45  4:33  Probe (Chrono Boost)  
  45  4:37  Probe (Chrono Boost)  
  47  4:44  Probe (Chrono Boost)  
  48  4:47  Probe (Chrono Boost)  
  47  4:54  Probe (Chrono Boost)  
  47  4:58  Probe (Chrono Boost)  
  47  5:00  Sentry, Blink  
  47  5:01  Stalker  
  47  5:04  Warp Prism (Chrono Boost)  
  47  5:05  Probe (Chrono Boost)  
  54  5:08  Probe (Chrono Boost)  
  55  5:15  Probe (Chrono Boost)  
  55  5:17  Nexus  
  55  5:18  Probe (Chrono Boost)  
  55  5:19  Pylon  
  57  5:25  Sentry  
  57  5:26  Stalker  
  61  5:38  Probe  
  61  5:39  Probe, Observer (Chrono Boost)  
  61  5:40  Gateway x2  
  64  5:48  Probe  
  64  5:51  Probe  
  66  5:58  Immortal (Chrono Boost)  
  70  6:07  Pylon  
  70  6:08  Pylon  
  70  6:16  Forge  
  70  6:17  Pylon  
  70  6:24  Probe  
  72  6:25  Probe  
  72  6:28  Probe  
  72  6:31  Immortal (Chrono Boost)  
  77  6:34  Probe  
  77  6:37  Probe, Dark Templar  
  77  6:38  Dark Templar  
  77  6:39  Probe  
  83  6:45  Probe, Dark Templar x2  
  89  6:49  Probe  
  89  6:50  Probe  
  89  6:53  Protoss Ground Weapons Level 1 (Chrono Boost)  
  91  6:55  Probe  
  91  6:58  Pylon  
  92  7:02  Probe x2  
  92  7:04  Immortal  
  92  7:06  Probe  
  95  7:11  Stalker  
  95  7:15  Pylon  
  101  7:16  Probe  
  101  7:17  Pylon  
  101  7:20  Assimilator  
  102  7:25  Assimilator  
  102  7:28  Adept x3  
  96  7:32  Stalker x2  
  96  7:33  Stalker  
  100  7:37  Pylon  
  100  7:39  Pylon  
  100  7:40  Robotics Facility  
  100  7:42  Immortal  
  104  7:53  Stalker  
  106  8:00  Pylon  
  106  8:02  Pylon  
  104  8:06  Stalker x2  
  104  8:07  Stalker  
  110  8:15  Templar Archives  
  110  8:16  Immortal  
  110  8:19  Nexus, Pylon  
  114  8:29  Immortal  
  114  8:31  Pylon  
  114  8:32  Pylon  
  114  8:34  Pylon  
  118  8:36  Assimilator  
  118  8:38  Protoss Ground Weapons Level 2 (Chrono Boost)  
  118  8:39  Charge  
  118  8:42  Assimilator  
  118  8:43  Probe  
  118  8:47  Probe  
  118  8:51  Photon Cannon  
  118  8:54  High Templar x2  
  118  8:55  Zealot x2  
  127  8:58  Immortal  
  127  9:02  Archon  
  131  9:10  Robotics Facility  
  131  9:13  Immortal  
  135  9:19  Photon Cannon  
  135  9:23  Photon Cannon  
  135  9:24  Photon Cannon  
  135  9:27  Zealot  
  137  9:35  Zealot x2  
  137  9:36  Zealot  
  143  9:50  Warp Prism  
  143  9:56  Gateway  
  143  9:59  Gateway  
  145  10:01  Observer, Warp Prism  
  145  10:02  Gateway  
  145  10:03  Gateway  
  145  10:06  Pylon  
  148  10:14  High Templar  
  148  10:15  High Templar x3  
  148  10:20  Gateway  
  156  10:22  Immortal  
  156  10:24  Archon x2  
  160  10:28  Gateway  
  160  10:30  Gateway  
  160  10:34  Immortal  
  160  10:39  Immortal  
  168  10:46  Pylon  
  168  10:47  High Templar x2  
  168  10:48  High Templar x2  
  176  10:56  Archon x2  
  176  11:02  Immortal  
  180  11:04  Photon Cannon  
  180  11:07  Zealot x2  
  180  11:08  Immortal  
  184  11:11  Zealot x2  
  192  11:20  High Templar x2  
  192  11:21  High Templar x2  
  192  11:25  Archon x2  
  200  11:34  Protoss Ground Weapons Level 3 (Chrono Boost)  
  200  11:48  Photon Cannon  
  200  11:53  Pylon  
  200  11:55  Pylon  
  200  11:59  Pylon  
  194  12:45  Zealot x3  
  155  13:13  Zealot x7  
  155  13:14  Zealot x4  
  155  13:17  Immortal  
  169  13:22  Immortal x2  
  121  13:42  High Templar x3  
  121  13:43  High Templar x5  
  121  13:44  Zealot x3  
  143  13:48  Protoss Ground Armor Level 1 (Chrono Boost)  
  143  13:51  Immortal  
  119  14:01  Immortal  
  119  14:02  Immortal  
  117  14:05  Zealot, High Templar x2  
  117  14:09  Archon x2  
  117  14:10  Archon x3  
  117  14:15  Mothership Core (Chrono Boost)  
  119  14:18  High Templar x3  
  119  14:19  High Templar  
  119  14:20  Zealot x2, High Templar x2  
  119  14:23  Archon  
  119  14:24  Archon x2  
  135  14:25  Immortal  
  139  14:37  Zealot x3  
  143  14:40  Nexus, Pylon  
  143  14:41  Immortal  
  143  14:42  Zealot x2  
  153  14:57  Zealot x3  
  153  14:59  Zealot  
  161  15:00  Immortal  
  141  15:20  Observer x2  
  97  15:29  High Templar x3  
  97  15:30  Zealot x6, High Templar  
  97  15:31  Zealot  
  97  15:33  Archon x2  
  119  15:36  Observer  
  120  15:43  Immortal x2  
  128  15:51  High Templar x2  
  128  15:52  High Templar x2  
  128  15:53  Zealot x2  
  128  15:54  Nexus  
  128  15:57  Archon x2  
  140  16:03  Pylon  
  140  16:05  Assimilator  
  140  16:07  Assimilator  
  140  16:10  Protoss Shields Level 1 (Chrono Boost)  
  138  16:27  Immortal  
  126  16:40  Zealot x3  
  110  16:55  Immortal  
  110  17:04  Immortal  
  106  17:19  Dark Templar  
  106  17:20  Photon Cannon  
  108  17:26  High Templar x2  
  108  17:27  High Templar  
  114  17:30  High Templar  
  114  17:32  Archon  
  116  17:40  Archon, High Templar x2  
  116  17:42  High Templar x2  
  124  17:46  Archon x2  
  124  17:47  Zealot  
  124  17:51  Zealot  
  128  18:02  Immortal  
  128  18:11  Zealot x3, High Templar x2  
  140  18:16  Archon  
  140  18:30  Immortal x2  
  148  18:36  Warp Prism  
  150  18:44  High Templar x2  
  150  18:45  Zealot x3  
  160  18:48  Archon  
  160  19:02  Zealot x3  
  165  19:13  Zealot x4  
  162  19:23  Dark Templar x2  
  154  19:31  High Templar  
Tags
 
Add a new tag
Caveats
  • Supply blocks, unpowered buildings, or Contaminate may cause inaccurate times.
  • Supply counts are checked every 10 seconds.